 Dungeon Crawl Stone Soup version 0.28.0 (webtiles) character file.

Game seed: 8773521435287959541

56 PoweredByGinger the Chopper (level 3, -1/21 HPs)
             Began as a Gargoyle Gladiator on Feb 5, 2022.
             Frozen to death by an endoplasm (4 damage)
             ... on level 3 of the Dungeon.
             The game lasted 00:03:23 (2483 turns).

PoweredByGinger the Chopper (Gargoyle Gladiator)    Turns: 2483, Time: 00:03:24

Health: -1/21      AC:  7    Str: 19    XL:     3   Next: 95%
Magic:  3/3        EV: 12    Int:  8    God:
Gold:   88         SH:  0    Dex: 11    Spells: 2/2 levels left

rFire   . . .      SeeInvis .   a - +0 war axe
rCold   . . .      Faith    .   (no shield)
rNeg    + . .      Spirit   .   b - +0 leather armour
rPois   ∞          Reflect  .   c - +0 helmet
rElec   +          Harm     .   (no cloak)
rCorr   .          Rampage  .   (no gloves)
Will    .....                   (no boots)
Stlth   +.........              (no amulet)
HPRegen 0.07/turn               (no ring)
MPRegen 0.08/turn               (no ring)

@: no status effects
A: sickness immunity, AC +3, negative energy resistance 1, electricity
resistance, torment resistance 1, petrification resistance
a: no special abilities


You were on level 3 of the Dungeon.
You visited 1 branch of the dungeon, and saw 3 of its levels.

You collected 124 gold pieces.
You spent 36 gold pieces at shops.

Inventory:

Hand Weapons
 a - a +0 war axe (weapon)
Missiles
 d - 3 throwing nets (quivered)
 e - 17 bolts
 l - 11 arrows
Armour
 b - a +0 leather armour (worn)
 c - a +0 helmet (worn)
Jewellery
 m - an amulet of regeneration
Scrolls
 g - 2 scrolls of identify {unknown}
 h - 2 scrolls of teleportation
 i - a scroll of silence {unknown}
 j - a scroll of amnesia {unknown}
 k - a scroll of immolation {unknown}
 n - a scroll of fog {unknown}
Potions
 f - a potion of invisibility {unknown}


   Skills:
 - Level 2.1 Fighting
 + Level 4.3 Axes
 - Level 1.7 Throwing
 - Level 2.4 Dodging


You had 2 spell levels left.
You didn't know any spells.
Your spell library was empty.

Dungeon Overview and Level Annotations

Branches:
Dungeon (3/15)

Altars:

Shops:
D:1 (   D:3 *


Innate Abilities, Weirdness & Mutations

You are immune to sickness and miasma.
Your stone body is resilient. (AC +3)
You are immune to poison.
You resist negative energy. (rN+)
You are resistant to electric shocks. (rElec)
You are resistant to unholy torment.
You are immune to petrification.


Message History

You closely miss the shadow imp. You hit the adder.
The adder bites you but does no damage. The shadow imp hits you.
The adder barely misses you.
You closely miss the adder.
The adder is moderately wounded.
You hit the shadow imp but do no damage.
The adder closely misses you. The shadow imp hits you. The adder bites you.
You are too injured to fight recklessly!
You are too injured to fight recklessly!
You are too injured to fight recklessly!
You barely miss the shadow imp. The shadow imp misses you.
The shadow imp hits you.
You closely miss the shadow imp. The shadow imp barely misses you.
You hit the shadow imp.
The shadow imp is moderately wounded.
The shadow imp hits you but does no damage.
You hit the shadow imp.
The shadow imp is moderately wounded.
The shadow imp hits you.
The shadow imp hits you but does no damage.
You barely miss the shadow imp. You punch the shadow imp.
The shadow imp is moderately wounded.
The shadow imp hits you but does no damage.
You barely miss the shadow imp.
The shadow imp is moderately wounded.
The shadow imp hits you.
* * * LOW HITPOINT WARNING * * *
Okay, then.
As you read the scroll of teleportation, it crumbles to dust.
You feel strangely unstable. The shadow imp hits you.
* * * LOW HITPOINT WARNING * * *
Your surroundings suddenly seem different.
An endoplasm comes into view.
The endoplasm quivers.
You hit the endoplasm.
The endoplasm is moderately wounded.
The endoplasm closely misses you. The endoplasm freezes you.
You are frozen.
You die...

### #..
#.# #J#
#@# #.#
#......#
##...###
#.##
#########
..
##.......#
.##
...$.....#
#
#.......#
#.......#


You could see an endoplasm.

Vanquished Creatures
  2 adders
  6 bats
  7 endoplasms
  A giant cockroach (D:2)
  4 goblins (D:1)
  4 hobgoblins (D:1)
  3 quokkas
  A ball python (D:1)
  2 frilled lizards (D:2)
  3 kobolds
  3 rats
  3 toadstools (D:1)
39 creatures vanquished.

Vanquished Creatures (others)
  A toadstool (D:1)
1 creature vanquished.

Grand Total: 40 creatures vanquished

Notes
Turn   | Place    | Note
-------+----------+-------------------------------------------
     0 | D:1      | PoweredByGinger the Gargoyle Gladiator began the quest for
                  | the Orb.
     0 | D:1      | Reached XP level 1. HP: 12/12 MP: 1/1
   163 | D:1      | Reached skill level 3 in Axes
   298 | D:1      | Reached XP level 2. HP: 14/17 MP: 2/2
   414 | D:1      | Found Iteih's Antique Weapon Shop.
   676 | D:1      | Found a faded altar of an unknown god.
  1065 | D:1      | Reached XP level 3. HP: 21/21 MP: 3/3
  1409 | D:2      | Reached skill level 4 in Axes
  2327 | D:3      | Found Mitiakh's General Store.
  2332 | D:3      | Bought a scroll of teleportation for 36 gold pieces
  2483 | D:3      | Frozen to death by an endoplasm

Illustrated notes

Levels and vault maps discovered:
D:1:      ldierk_water_garden, layout_basic,
          shapermc_ecumenical_altar_totnotflames, serial_shops, shop
D:2:      layout_basic, minmay_fountain_box
D:3:      layout_loops_cross, makhleb_altar_promises_db, serial_shops,
          nicolae_square_shop, kennysheep_generic_room_8

Skill      XL: |  1  2  3 |
---------------+----------+-----
Axes           | 3 4 |  4.3
Fighting       | |  2.1
Throwing       | |  1.7
Dodging        | |  2.4

Action                   || total
-------------------------++-------
Melee: War axe           ||   100
       Punch             ||     2
  Use: Scroll            ||     1
Armor: Leather armour    ||    37
Dodge: Dodged            ||    70
